 Dungeon Crawl Stone Soup version 0.26-a0-665-gefeb406119 (webtiles) character file.

Game seed: 10797220781243578177

32016 jasper the Cleaver (level 13, -5/121 HPs)
             Began as a Deep Dwarf Fighter on Oct 16, 2020.
             Was a High Priest of the Shining One.
             Slain by a minotaur (12 damage)
             ... in a Gauntlet.
             The game lasted 00:19:19 (11202 turns).

jasper the Cleaver (Deep Dwarf Fighter)            Turns: 11202, Time: 00:19:20

Health: -5/121     AC: 12    Str: 25    XL:     13   Next: 29%
Magic:  3/4        EV:  7    Int: 14    God:    the Shining One [*****.]
Gold:   1003       SH: 18    Dex:  7    Spells: 12/12 levels left

rFire    + . .     SeeInvis .   H - +1 broad axe (freeze)
rCold    + + .     Faith    .   E - +0 tower shield
rNeg     + + .     Spirit   .   b - +0 scale mail
rPois    +         Reflect  .   j - +0 helmet {Int+3}
rElec    .         Harm     .   G - scarf {rC+ rF+}
rCorr    .         Rampage  .   d - +0 pair of gloves
MR       +....     NoTele   +   (no boots)
Stlth    ..........             (no amulet)
HPRegen  0.00/turn              O - ring "Rojuosot" {+Fly rPois AC+4 Dex-5}
MPRegen  0.09/turn              S - ring of protection from cold

@: non-regenerating, glowing
A: damage resistance, heal wounds, talons 1, deformed body, sense surroundings
2, strong 1, no regeneration
a: Heal Wounds, Divine Shield, Cleansing Flame, Summon Divine Warrior, Renounce
Religion, Evoke Flight


You were in a Gauntlet.
You worshipped the Shining One.
The Shining One was extremely pleased with you.
You visited 4 branches of the dungeon, and saw 17 of its levels.
You also visited: Gauntlet.

You collected 1100 gold pieces.
You spent 97 gold pieces at shops.

Inventory:

Hand Weapons
 c - a +1 morningstar
 D - a +0 broad axe
 H - a +1 broad axe of freezing (weapon)
Missiles
 g - 591 stones (quivered)
 i - 167 bolts
 n - 12 javelins
 M - 2 throwing nets
Armour
 b - a +0 scale mail (worn)
 d - a +0 pair of gloves (worn)
 j - a +0 helmet of intelligence (worn)
 E - a +0 tower shield (worn)
 G - a scarf of resistance (worn)
Jewellery
 a - a +6 ring of dexterity
 h - an uncursed ring of fire
 t - an uncursed ring of protection from cold
 u - an uncursed ring of magical power
 y - an uncursed ring of magical power
 N - an uncursed ring of protection from cold
 O - the ring "Rojuosot" (left hand) {+Fly rPois AC+4 Dex-5}
   (You found it on level 8 of the Dungeon)

   [ring of protection]

   It affects your AC (+4).
   It affects your dexterity (-5).
   It protects you from poison.
   It lets you fly.
 S - a ring of protection from cold (right hand)
 U - the amulet of Lefaff {Inacc rC+ Int+6 Stlth+}
   (You found it in a Gauntlet)

   [amulet of inaccuracy]

   It reduces the accuracy of all your attacks.
   It affects your intelligence (+6).
   It protects you from cold.
   It makes you more stealthy.
 X - an uncursed ring of protection from fire
Wands
 Q - a wand of acid (5)
 R - a wand of iceblast (10)
 W - a wand of polymorph (7)
 Z - a wand of flame (13)
Scrolls
 f - 7 scrolls of remove curse
 l - 3 scrolls of immolation
 m - 7 scrolls of teleportation
 o - a scroll of holy word
 p - 4 scrolls of magic mapping
 q - a scroll of brand weapon
 v - 2 scrolls of enchant armour
 x - 5 scrolls of fog
 C - 3 scrolls of amnesia
 F - a scroll of identify
 J - a scroll of fear
 L - a scroll of vulnerability
 P - a scroll of blinking
Potions
 e - 5 potions of stabbing
 k - a potion of cancellation
 r - a potion of flight
 s - 5 potions of lignification
 w - 3 potions of heal wounds
 z - a potion of brilliance
 A - a potion of resistance
 B - 7 potions of haste
 I - 2 potions of mutation
 K - a potion of ambrosia
Miscellaneous
 T - a phantom mirror (inert)


   Skills:
 + Level 9.1 Fighting
 * Level 14.3 Axes
 + Level 10.8 Armour
 + Level 10.9 Shields
 + Level 11.7 Invocations


You had 12 spell levels left.
You didn't know any spells.
Your spell library contained the following spells:

 Spells                   Type           Power        Failure   Level
 Animate Skeleton         Necr           #.....       98%         1
 Apportation              Tloc           #.....       98%         1
 Corona                   Hex            #......      98%         1
 Summon Small Mammal      Summ           #...         98%         1
 Irradiate                Conj/Tmut      #.........   100%        5
 Hydra Form               Tmut           #.........   100%        6
 Statue Form              Tmut/Erth      #........    100%        6
 Dragon Form              Tmut           #.........   100%        7


Dungeon Overview and Level Annotations

Branches:
Dungeon (13/15)            Temple (1/1) D:4            Lair (2/6) D:9
    Orc (1/2) D:9          Vaults (0/5) D:13        Gauntlet (1/1)
  Swamp: Lair:2-4    Shoals: Lair:2-4     Snake: Lair:2-4    Spider: Lair:2-4

Altars:
Ashenzari
Cheibriados
Dithmenos
Elyvilon
Fedhas
Gozag
Hepliaklqana
Kikubaaqudgha
Makhleb
Nemelex Xobeh
Okawaru
Qazlal
Ru
Sif Muna
Trog
Uskayaw
Vehumet
Wu Jian
Xom
Yredelemnul
Zin
The Shining One

Shops:
D:6 *   D:10 [

Annotations:
D:3 1 runed translucent door, Crazy Yiuf
D:11 2 transporters, corevian's ghost, novice MiFi
Orc:1 3 runed translucent doors Gauntlet 6 transporters


Innate Abilities, Weirdness & Mutations

You are resistant to damage.
You can heal yourself by infusing magical energy.
You passively map the area around you.
You do not regenerate.
You have sharp toenails.
Armour fits poorly on your strangely shaped body.
Your muscles are strong. (Str +2)


Message History

You claw the minotaur, but do no damage.
The minotaur is almost dead.
You block the minotaur's attack. x2
You slash the minotaur! You freeze the minotaur. Your kick misses the minotaur.
The minotaur is almost dead.
You block the minotaur's attack. The minotaur gores you.
* * * LOW HITPOINT WARNING * * *
You take 1 damage, and have 31/121 hp.
Unknown command.
You hit the minotaur but do no damage.
The minotaur is almost dead.
The minotaur hits you!!
* * * LOW HITPOINT WARNING * * *
You block the minotaur's attack.
You take 24 damage, and have 7/121 hp.
Unknown command.
You hit the minotaur but do no damage.
The minotaur is almost dead.
You block the minotaur's attack. The minotaur gores you!
You die...

######..#.#
######..##{..##.
#...##..###..#©#
#.#.##..##{..##. **
#.#.....###..#.# * *
#.#.##....#..#..
###+#*#...##...©#..###
#..⌠.##(#.##....#.∩...
*
+⌠...@'.#.......#.....
*
#...t##.#.##...©#..###
#.⌠.. #...##....#..#hh
##+## #.#.##..###..#b.
,* #.#.....##§..#=.
#.#.##..###..#..
#...##..##{..#©.
#####..###§.#=. *
#§..#(.


You could see a minotaur.

Vanquished Creatures
  A fire dragon (D:9)
  2 ogre magi
  A death ooze (Gauntlet)
  2 hydras
  A centaur warrior (D:12)
  A boulder beetle (Lair:2)
  6 two-headed ogres
  Nergalle (D:10)
  A wizard (D:13)
  A necromancer (D:13)
  An orange crystal statue (Gauntlet)
  Pikel (D:5)
  An ugly thing (D:12)
  2 manticores
  Joseph (D:7)
  A black mamba (Lair:1)
  5 cane toads
  Psyche (D:10)
  A gargoyle (D:11)
  Maggie (D:10)
  2 komodo dragons
  2 rime drakes (Lair:2)
  3 trolls
  5 slime creatures
  2 vampires
  2 shadows (Gauntlet)
  3 wyverns
  14 yaks
  4 basilisks (Lair:1)
  A wraith (D:12)
  Grum (D:10)
  5 vampire mosquitoes
  2 water moccasins
  6 orc warriors
  7 black bears
  A swamp drake (D:9)
  An ice beast (D:5)
  5 sky beasts
  An eye of draining (D:12)
  4 necrophages
  9 ogres
  4 phantoms
  12 wolves
  2 centaurs (D:7)
  A big kobold (D:12)
  Blork the orc (D:5)
  9 bullfrogs
  A gnoll sergeant (D:10)
  4 scorpions
  A water moccasin skeleton (D:9)
  3 wights (D:12)
  6 killer bees
  A howler monkey (D:5)
  4 jellies
  3 centaur zombies
  2 quasits
  5 orc priests
  2 centaur skeletons
  4 hounds
  10 orc wizards
  A bullfrog skeleton (D:8)
  5 iguanas
  Natasha (thrice) (D:2)
  12 worker ants
  A killer bee zombie (D:10)
  3 hound zombies
  3 gnolls (D:10)
  A worker ant zombie (D:10)
  2 howler monkey skeletons
  14 adders
  2 white imps
  3 ufetubi
  An ooze (D:7)
  3 adder skeletons
  A worm (D:2)
  6 dart slugs
  7 leopard geckos
  40 orcs
  6 bats
  5 giant cockroaches
  5 hobgoblins
  11 jackals
  2 quokkas
  3 ball pythons
  5 frilled lizards
  6 goblins
  11 kobolds
  3 rats
352 creatures vanquished.

Vanquished Creatures (collateral kills)
  A yak (Lair:1)
1 creature vanquished.

Vanquished Creatures (others)
  An orc (D:9)
  25 demonic plants (Gauntlet)
  3 fungi
  7 plants
  4 withered plants (Gauntlet)
40 creatures vanquished.

Grand Total: 393 creatures vanquished

Notes
Turn   | Place    | Note
-------+----------+-------------------------------------------
     0 | D:1      | jasper the Deep Dwarf Fighter began the quest for the Orb.
     0 | D:1      | Reached XP level 1. HP: 20/20 MP: 1/1
   481 | D:1      | Reached XP level 2. HP: 22/27 MP: 2/2
   947 | D:2      | Noticed Natasha
   949 | D:2      | Reached skill level 3 in Axes
   950 | D:2      | Reached XP level 3. HP: 31/33 MP: 3/3
   955 | D:2      | Killed Natasha
  1060 | D:2      | Reached XP level 4. HP: 35/42 MP: 4/4
  1089 | D:2      | Noticed Natasha
  1097 | D:2      | Killed Natasha
  1100 | D:2      | Noticed Natasha
  1111 | D:2      | Killed Natasha
  1145 | D:2      | Reached skill level 4 in Axes
  1145 | D:2      | Reached XP level 5. HP: 49/49 MP: 5/5
  1147 | D:2      | Found a sacrificial altar of Ru.
  1170 | D:2      | Found a stormy altar of Qazlal.
  1687 | D:3      | Found a runed translucent door.
  1688 | D:3      | Noticed Crazy Yiuf
  1820 | D:3      | Found a hazy altar of Hepliaklqana.
  1987 | D:4      | Found a staircase to the Ecumenical Temple.
  2022 | Temple   | Entered the Ecumenical Temple
  2092 | Temple   | Became a worshipper of the Shining One
  2115 | D:4      | Reached XP level 6. HP: 39/56 MP: 6/6
  2150 | D:4      | Reached skill level 5 in Axes
  2150 | D:4      | Reached skill level 1 in Invocations
  2231 | D:4      | Found a sparkling altar of Nemelex Xobeh.
  2245 | D:4      | Reached XP level 7. HP: 58/63 MP: 7/7
  2336 | D:4      | Reached skill level 5 in Armour
  2336 | D:4      | Reached skill level 5 in Shields
  2462 | D:4      | Reached skill level 6 in Axes
  2569 | D:5      | Entered Level 5 of the Dungeon
  2669 | D:5      | Noticed Pikel
  2697 | D:5      | Killed Pikel
  2697 | D:5      | Reached XP level 8. HP: 48/73 MP: 8/8
  2765 | D:5      | Reached skill level 7 in Axes
  2845 | D:5      | Noticed Blork the orc
  2858 | D:5      | Killed Blork the orc
  2882 | D:5      | Found a burning altar of Makhleb.
  2888 | D:5      | Found a basalt altar of Yredelemnul.
  3159 | D:6      | Reached * piety under the Shining One
  3252 | D:6      | Reached skill level 5 in Fighting
  3330 | D:6      | Reached skill level 5 in Invocations
  3460 | D:6      | Gained mutation: You passively map the area around you.
                  | [Deep Dwarf growth]
  3460 | D:6      | Reached XP level 9. HP: 61/81 MP: 8/8
  3465 | D:6      | Found Wytojufe's Mayhem Merchandise.
  3469 | D:6      | Bought a +0 broad axe for 52 gold pieces
  3511 | D:6      | Reached skill level 8 in Axes
  3898 | D:7      | Found a bloodstained altar of Trog.
  3899 | D:7      | Noticed Joseph
  3927 | D:7      | Killed Joseph
  3945 | D:7      | Reached ** piety under the Shining One
  3945 | D:7      | Reached skill level 9 in Axes
  4558 | D:8      | Found an iron altar of Okawaru.
  4673 | D:8      | Noticed a komodo dragon
  4709 | D:8      | Killed a komodo dragon
  4709 | D:8      | Reached XP level 10. HP: 91/91 MP: 11/11
  4828 | D:8      | Got a coiled steel ring
  4830 | D:8      | Identified the ring "Rojuosot" {+Fly rPois AC+4 Dex-5} (You
                  | found it on level 8 of the Dungeon)
  4898 | D:8      | Found an opulent altar of Gozag.
  5370 | D:8      | Got a bloodstained trident
  5371 | D:8      | Identified the +6 trident of Ezef {drain, rC++ Str+2} (You
                  | found it on level 8 of the Dungeon)
  5952 | D:9      | Found a staircase to the Lair.
  5953 | D:9      | Noticed a fire dragon
  5970 | D:9      | Killed a fire dragon
  5970 | D:9      | Reached skill level 10 in Axes
  6161 | D:9      | Reached *** piety under the Shining One
  6641 | D:9      | Found a staircase to the Orcish Mines.
  6718 | D:10     | Entered Level 10 of the Dungeon
  6721 | D:10     | Noticed Maggie
  6725 | D:10     | Found Voot's Armour Shop.
  6738 | D:10     | Killed Maggie
  6758 | D:10     | Bought a +0 tower shield for 45 gold pieces
  6775 | D:10     | Reached **** piety under the Shining One
  6778 | D:10     | Noticed Psyche
  6788 | D:10     | Killed Psyche
  6788 | D:10     | Reached skill level 11 in Axes
  6800 | D:10     | Noticed Grum
  6813 | D:10     | Noticed an ogre mage
  6813 | D:10     | Reached XP level 11. HP: 84/99 MP: 11/11
  6820 | D:10     | Killed an ogre mage
  6834 | D:10     | Killed Grum
  7075 | D:10     | Noticed Nergalle
  7112 | D:10     | Killed Nergalle
  7194 | D:11     | Found a transporter.
  7199 | D:11     | Found a transporter.
  7199 | D:11     | Noticed corevian's ghost (novice MiFi)
  7200 | D:11     | Identified the cursed +1 dire flail of the Secret Ziggurats
                  | {vorpal, rElec MP+9 Dex+3}
  7200 | D:11     | Noticed a two-headed ogre
  7207 | D:11     | Noticed a two-headed ogre
  7879 | Lair:1   | Entered Level 1 of the Lair of Beasts
  7885 | Lair:1   | Reached skill level 12 in Axes
  7919 | Lair:1   | Found an iron altar of Okawaru.
  8158 | Lair:1   | Noticed a seven-headed hydra
  8158 | Lair:1   | Reached ***** piety under the Shining One
  8172 | Lair:1   | Killed a nine-headed hydra
  8620 | Lair:1   | Reached skill level 10 in Invocations
  8653 | Lair:1   | Reached XP level 12. HP: 79/110 MP: 11/11
  9175 | Orc:1    | Entered Level 1 of the Orcish Mines
  9175 | Orc:1    | Found a runed translucent gate.
  9175 | Orc:1    | Found a runed translucent gate.
  9175 | Orc:1    | Found a runed translucent gate.
  9185 | Orc:1    | Noticed a two-headed ogre
  9186 | Orc:1    | Noticed a two-headed ogre
  9194 | Orc:1    | Killed a two-headed ogre
  9200 | Orc:1    | Noticed a two-headed ogre
  9205 | D:9      | Killed a two-headed ogre
  9216 | Orc:1    | Killed a two-headed ogre
  9222 | Orc:1    | Noticed an ogre mage
  9229 | Orc:1    | Noticed a two-headed ogre
  9230 | Orc:1    | Killed an ogre mage
  9230 | Orc:1    | Reached skill level 13 in Axes
  9233 | Orc:1    | Noticed a two-headed ogre
  9235 | Orc:1    | Noticed a two-headed ogre
  9237 | Orc:1    | Killed a two-headed ogre
  9255 | D:9      | Killed a two-headed ogre
  9255 | D:9      | Reached skill level 10 in Armour
  9255 | D:9      | Reached skill level 10 in Shields
  9639 | D:12     | Gained mutation: Armour fits poorly on your strangely
                  | shaped body. [potion of mutation]
  9639 | D:12     | Gained mutation: You have sharp toenails. [potion of
                  | mutation]
  9639 | D:12     | Gained mutation: Your muscles are strong. (Str +2) [potion
                  | of mutation]
  9674 | D:12     | Noticed a centaur warrior
  9691 | D:12     | Killed a centaur warrior
 10132 | D:13     | Noticed a two-headed ogre
 10145 | D:13     | Killed a two-headed ogre
 10149 | D:13     | Found a gate to the Vaults.
 10281 | D:13     | Noticed a boulder beetle
 10305 | D:13     | Reached XP level 13. HP: 86/120 MP: 7/7
 10327 | D:13     | HP: 5/120 [boulder beetle (46)]
 10563 | Lair:2   | Reached skill level 14 in Axes
 10894 | Lair:2   | Found a gate leading to a gauntlet.
 10907 | Gauntlet | Entered a Gauntlet
 10907 | Gauntlet | Found a transporter.
 10907 | Gauntlet | Found a transporter.
 10915 | Gauntlet | Noticed a death ooze
 10917 | Gauntlet | Found a transporter.
 10920 | Gauntlet | Found a transporter.
 10928 | Gauntlet | Found a transporter.
 10931 | Gauntlet | Found a transporter.
 10939 | Gauntlet | Found a transporter.
 10957 | Gauntlet | Found a transporter.
 10962 | Gauntlet | Found a transporter.
 10965 | Gauntlet | Found a transporter.
 10975 | Gauntlet | Found a transporter.
 10997 | Gauntlet | Found a transporter.
 11098 | Gauntlet | Killed a death ooze
 11164 | Gauntlet | Got a transparent graven amulet
 11170 | Gauntlet | Identified the amulet of Lefaff {Inacc rC+ Int+6 Stlth+}
                  | (You found it in a Gauntlet)
 11188 | Gauntlet | Noticed a minotaur
 11202 | Gauntlet | Slain by a minotaur

Illustrated notes

Levels and vault maps discovered:
D:1:      ncdulo_watergridlock, layout_basic
D:2:      layout_basic, old_standard_altar, nicolae_ru_great_annihilating_truth,
          kennysheep_boxes, uniq_natasha
D:3:      cheibrodos_pilgrimage, layout_loops_ring, lemuel_doored_altar,
          solitary_fountain, uniq_robin, uniq_crazy_yiuf_cottage
D:4:      layout_cave_pools, lemuel_crystal_altar, temple_pool_b
D:5:      layout_basic, minitemple, uniq_pikel, uniq_blork_the_orc
D:6:      layout_basic, minmay_shop_mayhem
D:7:      layout_basic, abandoned_shop, trog_ov_bears_minmay, uniq_joseph
D:8:      layout_layer_cave, nicolae_gozag_cash_rules_everything_around_me,
          okawaru_metal_pillars_1_2, minmay_pinched_square
D:9:      minmay_inner_zag, layout_rooms, minmay_lair_entry_lava, erik_orc_1
D:10:     minmay_bloctagon_deflated, layout_cross, serial_shops,
          nicolae_shop_behind_doors, uniq_maggie, uniq_nergalle, uniq_psyche,
          uniq_grum
D:11:     layout_irregular_city, gammafunk_ghost_smash
D:12:     layout_loops_ring
D:13:     layout_rooms, david_vaults_1, chequers_garden
Temple:   eino_temple_lava
Lair:1:   layout_concentric_octagons, basic_altar
Lair:2:   layout_chaotic_city, gauntlet_entry_generic, grunt_megastairs_2
Orc:1:    layout_diamond_mine, gammafunk_ghost_split, lightli_church_of_beogh
Gauntlet: minmay_gauntlet_mixed_big_or_small [gammafunk_gauntlet_arena_crates,
          minmay_gauntlet_arena_77_museum, nicolae_gauntlet_arena_t_cross,
          minmay_gauntlet_arena_77_squiggly, gammafunk_gauntlet_arena_hedges,
          minmay_gauntlet_arena_77_braids, gauntlet_exit_hidden_loot]

Skill      XL: |  1  2  3  4  5  6  7  8  9 10 11 12 13 |
---------------+----------------------------------------+-----
Axes           | 3 4 5 6 7 9 11 12 13 14 | 14.3
Fighting       | 3 4 5 6 7 8 9 |  9.1
Armour         | 4 5 6 7 8 9 10 | 10.8
Shields        | 4 5 6 7 8 9 10 | 10.9
Invocations    | 1 3 5 6 8 10 11 | 11.7

Action                   |  1- 3 |  4- 6 |  7- 9 | 10-12 | 13-15 || total
-------------------------+-------+-------+-------+-------+-------++-------
Melee: War axe           |    91 |   174 |   167 |       |       ||   432
       Broad axe         |       |       |   141 |   665 |    80 ||   886
       Kick              |       |       |       |    33 |    24 ||    57
Throw: Stone             |     2 |       |    20 |     5 |       ||    27
 Abil: Heal Wounds       |     1 |     5 |    10 |    38 |     9 ||    63
Evoke: Wand              |       |       |       |    13 |    10 ||    23
       Phantom mirror    |       |       |       |     1 |     2 ||     3
  Use: Potion            |     1 |       |     1 |     5 |     2 ||     9
       Scroll            |       |       |     7 |    14 |     3 ||    24
 Stab: Invisible         |       |     1 |       |       |       ||     1
       Paralysed         |       |     4 |       |       |       ||     4
Armor: Scale mail        |    49 |    68 |   101 |   280 |    13 ||   511
Dodge: Dodged            |    38 |    38 |    76 |   174 |    10 ||   336
Block: Kite shield       |    61 |    77 |   168 |   120 |       ||   426
       Tower shield      |       |       |       |   472 |    63 ||   535

Table legend: (Time is in decaauts)
 A = Elapsed time spent in this place.
 B = Non-inter-level travel time spent in this place.
 C = Inter-level travel time spent in this place.
 D = Time resting spent in this place.
 E = Time spent auto-exploring this place.
 F = Levels seen in this place.
 G = Mean time per level.
                   A        B        C        D        E       F      G
               +--------+--------+--------+--------+--------+-----+--------+
         Total |  11460 |  10416 |   1044 |    290 |   7255 |  18 |  636.7 |
       Dungeon |   9307 |   8415 |    892 |    282 |   5797 |  13 |  715.9 |
        Temple |     78 |     71 |      7 |      0 |     54 |   1 |   78.0 |
          Lair |   1727 |   1582 |    145 |      0 |   1260 |   2 |  863.5 |
  Orcish Mines |     64 |     64 |      0 |      3 |      5 |   1 |   64.0 |
      Gauntlet |    283 |    283 |      0 |      5 |    139 |   1 |  283.0 |
               +--------+--------+--------+--------+--------+-----+--------+

Top non-repeatable levels by time:
  Lair:1: 1279 daAuts
     D:8: 1259 daAuts
     D:9: 1130 daAuts
     D:1: 965 daAuts
     D:7: 914 daAuts
    D:11: 751 daAuts
     D:2: 719 daAuts
    D:12: 607 daAuts
     D:5: 606 daAuts
     D:4: 571 daAuts
     D:6: 521 daAuts
    D:10: 491 daAuts
  Lair:2: 447 daAuts
    D:13: 414 daAuts
     D:3: 354 daAuts
